 Dungeon Crawl Stone Soup version 0.21-a0-633-g4c047d5 (webtiles) character file.

17 Lanoc the Cudgeler (level 2, -3/29 HPs)
             Began as a Troll Monk on Dec 28, 2017.
             Slain by a kobold
             ... wielding a +2 short sword of electrocution
              (8 damage)
             ... on level 1 of the Dungeon.
             The game lasted 00:01:07 (433 turns).

Lanoc the Cudgeler (Troll Monk)                      Turns: 433, Time: 00:01:07

Health: -3/29      AC:  5    Str: 18    XL:     2   Next: 44%
Magic:  1/1        EV: 10    Int:  6    God:
Gold:   29         SH:  0    Dex: 12    Spells: 1/1 levels left

rFire    . . .     SeeInvis .   a - +0 mace
rCold    . . .     Gourm    +   (no shield)
rNeg     . . .     Faith    .   b - +0 robe
rPois    .         Spirit   .   (helmet restricted)
rElec    .         Reflect  .   (no cloak)
rCorr    .         Harm     .   (gloves unavailable)
MR       .....                  (boots unavailable)
Stlth    ++........             (no amulet)
HPRegen  0.49/turn              (no ring)
MPRegen  0.07/turn              (no ring)

@: no status effects
A: large, unfitting armour, claws 3, fast metabolism 3, gourmand, regeneration
1, shaggy fur 1, tough skin 2
a: no special abilities


You were on level 1 of the Dungeon.
You were full.

You visited 1 branch of the dungeon, and saw 1 of its levels.

You collected 29 gold pieces.

Inventory:

Hand Weapons
 a - a +0 mace (weapon)
Armour
 b - a +0 robe (worn)
Jewellery
 h - an uncursed ring of see invisible {unknown}
Scrolls
 e - 2 scrolls of remove curse {unknown}
 g - a scroll of blinking {unknown}
 i - a scroll of identify {unknown}
Potions
 d - a potion of magic {unknown}
 f - a potion of curing {unknown}
Comestibles
 c - 5 rations


   Skills:
 + Level 2.6 Fighting
 + Level 2.9 Maces & Flails
 + Level 0.8 Throwing
 + Level 2.6 Dodging
 - Level 1.0 Stealth


You had one spell level left.
You didn't know any spells.

Dungeon Overview and Level Annotations

Branches:
Dungeon (1/15)

Altars:


Innate Abilities, Weirdness & Mutations

You are too large for most types of armour.
You have claws for hands.
Your metabolism is lightning-fast.
You like to eat raw meat.
Your natural rate of healing is unusually fast.
You are covered in fur. (AC +1)
You have very tough skin. (AC +2)


Message History

j - a chunk of flesh Eating a chunk of flesh.
You eat the chunk of flesh.
This raw flesh tastes great.
A kobold comes into view.
A kobold comes into view.
It is wielding a short sword of electrocution.
The kobold shouts! x2
The kobold throws a stone.
The stone hits you but does no damage.
You see here a stone.
The kobold closely misses you. The kobold barely misses you.
The kobold hits you with a short sword of electrocution.
You are electrocuted!
You hit the kobold.
The kobold is severely wounded.
The kobold hits you. The kobold closely misses you.
You miss the kobold. The kobold barely misses you.
The kobold hits you with a short sword of electrocution!
* * * LOW HITPOINT WARNING * * *
You are electrocuted!
You die...

#.#........#......
###.#.######.#......
#............#......
#.#.#.######.#......
#.#......###.#####
#..(.......#.#
#..#######.#.# #..#
#. #@K# #K.# #..#
#..# #..# #... #...
#..##


You could see 2 kobolds.

Vanquished Creatures
  A leopard gecko (D:1)
  2 bats (D:1)
  A giant cockroach (D:1)
  2 hobgoblins (D:1)
  4 jackals (D:1)
  A kobold (D:1)
  4 rats (D:1)
15 creatures vanquished.

Notes
Turn   | Place    | Note
-------+----------+-------------------------------------------
     0 | D:1      | Lanoc the Troll Monk began the quest for the Orb.
     0 | D:1      | Reached XP level 1. HP: 22/22 MP: 0/0
   344 | D:1      | Reached XP level 2. HP: 16/29 MP: 1/1
   433 | D:1      | Slain by a kobold

Vault maps used:
D:1:      mrwooster_arrival_statue_2

Action                   || total
-------------------------++-------
Melee: Mace              ||    46
 Stab: Sleeping          ||     3
  Eat: Chunk             ||     6
Armor: Robe              ||    19
Dodge: Dodged            ||    30

Table legend:
 A = Spawn XP
 B = Non-spawn XP
 C = Spawn XP percentage of total XP
 D = Spawn monster count
 E = Non-spawn monster count
 F = Spawn count percentage of total count
 G = Total turns spent on level
                    A         B        C        D         E        F      G
               +---------+---------+-------+---------+---------+-------+---------
         Total |       0 |      25 |   0.0 |       0 |      15 |   0.0 |   433
               +---------+---------+-------+---------+---------+-------+---------
           D:1 |       0 |      25 |   0.0 |       0 |      15 |   0.0 |   433
               +---------+---------+-------+---------+---------+-------+---------
